 Dungeon Crawl Stone Soup version 0.28.0-43-g3370ac3207 (webtiles) character file.

Game seed: 2022644663470933325

4750 Cykl0x the Geomancer (level 10, -6/56 HPs)
             Began as a Gargoyle Earth Elementalist on Mar 29, 2022.
             Was an Initiate of Vehumet.
             Mangled by a wight
             ... wielding a +0 halberd
              (8 damage)
             ... on level 8 of the Dungeon.
             The game lasted 00:19:52 (9805 turns).

Cykl0x the Geomancer (Gargoyle Earth Elementalist)  Turns: 9805, Time: 00:19:53

Health: -6/56      AC: 13    Str: 14    XL:     10   Next: 46%
Magic:  24/30      EV: 11    Int: 18    God:    Vehumet [......]
Gold:   337        SH:  0    Dex: 10    Spells: 20/24 levels left

rFire   + . .      SeeInvis +   z - +0 quarterstaff
rCold   . . .      Faith    .   (shield currently unavailable)
rNeg    + . .      Spirit   .   h - +0 leather armour of Starshine {rF+ Will+ MP+9}
rPois   ∞          Reflect  .   (no helmet)
rElec   +          Harm     .   m - +0 cloak
rCorr   .          Rampage  .   (no gloves)
Will    +....                   w - +0 pair of boots
Stlth   ++........              (no amulet)
HPRegen 0.18/turn               x - ring of flight
MPRegen 0.22/turn               y - ring of see invisible

@: flying
A: sickness immunity, AC +7, negative energy resistance 1, electricity
resistance, torment resistance 1, petrification resistance
a: Renounce Religion


You were on level 8 of the Dungeon.
You worshipped Vehumet.
Vehumet was noncommittal.
You visited 2 branches of the dungeon, and saw 9 of its levels.

You collected 532 gold pieces.
You spent 195 gold pieces at shops.

Inventory:

Hand Weapons
 a - a +1 whip
 p - a +4 quarterstaff of chaos
 z - a +0 quarterstaff (weapon)
Missiles
 c - 119 stones
 s - a throwing net
 u - 6 curare-tipped darts
Armour
 b - a +1 robe
 h - the +0 leather armour of Starshine (worn) {rF+ Will+ MP+9}
   (You found it on level 2 of the Dungeon)

   rF:        It protects you from fire.
   MP:        It affects your magic capacity (+9).
   Will:      It increases your willpower.
 m - a +0 cloak (worn)
 w - a +0 pair of boots (worn)
Magical Staves
 e - a staff of cold
Jewellery
 x - a ring of flight (left hand)
 y - a ring of see invisible (right hand)
Wands
 t - a wand of polymorph (7)
 v - a wand of flame (25)
Scrolls
 d - 4 scrolls of teleportation
 l - 2 scrolls of holy word
 q - 2 scrolls of enchant weapon
 r - a scroll of enchant armour
Potions
 f - 3 potions of might
 g - 7 potions of curing
 i - a potion of cancellation
 j - 2 potions of lignification {unknown}
 k - 3 potions of flight {unknown}
 n - a potion of haste {unknown}
 o - 3 potions of brilliance


   Skills:
 * Level 4.0 Fighting
 + Level 3.5 Armour
 + Level 2.2 Dodging
 - Level 2.1 Stealth
 + Level 7.8 Spellcasting
 * Level 7.3 Conjurations
 - Level 0.7 Transmutations
 + Level 10.5 Earth Magic
 * Level 3.0 Evocations


You had 20 spell levels left.
You knew the following spells:

 Your Spells              Type           Power      Damage    Failure   Level
a - Sandblast             Erth           88%        2d18      1%          1
b - Stone Arrow           Conj/Erth      78%        3d11      1%          3

Your spell library contained the following spells:

 Spells                   Type           Power      Damage    Failure   Level
 Passwall                 Tmut/Erth      22%        N/A       1%          2
 Conjure Flame            Conj/Fire      20%        6-21      9%          3
 Petrify                  Tmut/Erth      27%        N/A       12%         4
 Corpse Rot               Necr/Air       14%        N/A       19%         2
 Poisonous Vapours        Pois/Air       14%        N/A       19%         2
 Sticky Flame             Conj/Fire      20%        2d4       26%         4
 Ignite Poison            Fire/Tmut/Pois 7%         N/A       32%         3


Dungeon Overview and Level Annotations

Branches:
Dungeon (8/15)             Temple (1/1) D:6
   Lair: D:8-11

Altars:
Cheibriados
Elyvilon
Gozag
Hepliaklqana
Kikubaaqudgha
Makhleb
Nemelex Xobeh
Okawaru
Qazlal
Ru
Uskayaw
Vehumet
Wu Jian
Xom
Yredelemnul
Zin
The Shining One

Shops:
D:5 (   D:7 =


Innate Abilities, Weirdness & Mutations

You are immune to sickness and miasma.
Your stone body is resilient. (AC +7)
You are immune to poison.
You resist negative energy. (rN+)
You are resistant to electric shocks. (rElec)
You are resistant to unholy torment.
You are immune to petrification.


Message History

Confirm with . or Enter, or press ? or * to list all spells.
Aiming: Stone Arrow (safe; 1% risk of failure)
Press: ? - help, Shift-Dir - straight line, f - wight
Aim: a wight, wielding a +5 battleaxe and wearing a +0 robe (74% to hit)
The stone arrow hits the wight!
The wight is severely damaged.
Casting: Stone Arrow (safe; 1% risk of failure)
Confirm with . or Enter, or press ? or * to list all spells.
Aiming: Stone Arrow (safe; 1% risk of failure)
Press: ? - help, Shift-Dir - straight line, f/p - wight
Aim: a wight, wielding a +5 battleaxe and wearing a +0 robe (severely damaged, 74% to hit)
The stone arrow hits the wight!
You destroy the wight!
Vehumet accepts your kill.
There are no items here.
Unknown command.
The blast of sand hits the wight!
The wight is severely damaged.
The blast of sand misses the wight.
The blast of sand hits the wight!
The wight is severely damaged.
The wight misses you. x2
You thump the wight!
You destroy the wight!
Vehumet accepts your kill.
The wight hits you from afar with a +0 halberd!
The wight barely misses you.
You hit the wight but do no damage. The wight hits you but does no damage.
The wight hits you with a +2 dire flail!
The wight barely misses you.
You hit the wight.
The wight is lightly damaged.
The wight hits you from afar with a +0 halberd!
The wight hits you with a +2 dire flail!
* * * LOW HITPOINT WARNING * * *
The wight hits you from afar with a +0 trident.
* * * LOW HITPOINT WARNING * * *
The wight hits you with a +2 dire flail!
* * * LOW HITPOINT WARNING * * *
The wight hits you from afar with a +0 halberd!
You die...

#########......#
...............# #######
...............# .......
...............# .......
...............# .......
...............# .......
...............# ..)....
...............###.......
................@zz......
...##..........###z......
...##..........# .......
..............## .......
..###.....###.. .......
..# ... .. ....... ..# ..
#.# .....(. ..# #.
....... ..#


You could see 3 wights.

Vanquished Creatures
  Harold (D:7)
  The ghost of H0rd4k the Thaumaturge, a novice DEWz (D:5)
  A hornet (D:8)
  Prince Ribbit (D:6)
  Sigmund (D:2)
  A wraith (D:7)
  Eustachio (D:6)
  A steam dragon (D:6)
  An acid dragon (D:5)
  A water moccasin (D:6)
  5 ogres
  2 black bears (D:6)
  2 centaurs
  4 kobold brigands
  Blork the orc (D:4)
  2 bullfrogs
  3 scorpions
  3 killer bees (D:8)
  A water moccasin skeleton (D:6)
  5 wights
  A howler monkey (D:8)
  A centaur zombie (D:7)
  4 hounds
  2 centaur skeletons
  A gnoll shaman (D:8)
  Crazy Yiuf (D:3)
  3 jellies
  A scorpion zombie (D:5)
  2 iguanas
  Natasha (thrice) (D:3)
  3 orc wizards (D:6)
  2 killer bee zombies
  A howler monkey zombie (D:5)
  Robin (D:4)
  9 gnolls
  6 adders
  2 shadow imps
  2 white imps (D:7)
  2 ufetubi
  4 worms
  3 dart slugs
  5 orcs
  3 bats
  5 endoplasms
  5 giant cockroaches
  15 goblins
  12 hobgoblins
  6 quokkas
  2 ball pythons
  2 frilled lizards (D:3)
  17 kobolds
  2 rats (D:2)
166 creatures vanquished.

Vanquished Creatures (others)
  An iguana (D:5)
  An orc (D:5)
2 creatures vanquished.

Grand Total: 168 creatures vanquished

Notes
Turn   | Place    | Note
-------+----------+-------------------------------------------
     0 | D:1      | Cykl0x the Gargoyle Earth Elementalist began the quest for
                  | the Orb.
     0 | D:1      | Reached XP level 1. HP: 10/10 MP: 3/3
   351 | D:1      | Reached XP level 2. HP: 15/15 MP: 3/5
   564 | D:1      | Reached skill level 1 in Conjurations
   564 | D:1      | Reached skill level 4 in Earth Magic
   802 | D:2      | Found a faded altar of an unknown god.
   857 | D:2      | Reached XP level 3. HP: 20/20 MP: 0/6
   861 | D:2      | Learned a level 3 spell: Stone Arrow
   924 | D:2      | Noticed Sigmund
   926 | D:2      | Killed Sigmund
   927 | D:2      | Reached skill level 5 in Earth Magic
   927 | D:2      | Reached XP level 4. HP: 24/24 MP: 0/8
   927 | D:2      | Reached XP level 5. HP: 28/28 MP: 0/9
  1438 | D:2      | Reached XP level 6. HP: 33/33 MP: 1/11
  1607 | D:2      | Identified the +0 leather armour of Starshine {rF+ Will+
                  | MP+9}
  2383 | D:3      | Found a runed translucent door.
  2384 | D:3      | Noticed Crazy Yiuf
  2403 | D:3      | Noticed Natasha
  2410 | D:3      | Killed Natasha
  3315 | D:3      | Noticed Natasha
  3320 | D:3      | Killed Natasha
  3409 | D:3      | Killed Crazy Yiuf
  3410 | D:3      | Reached skill level 6 in Earth Magic
  3598 | D:3      | Noticed Natasha
  3606 | D:3      | Killed Natasha
  3607 | D:3      | Reached XP level 7. HP: 37/37 MP: 13/13
  4630 | D:4      | Noticed Robin
  4633 | D:4      | Killed Robin
  5031 | D:4      | Noticed Blork the orc
  5036 | D:4      | Killed Blork the orc
  5372 | D:5      | Entered Level 5 of the Dungeon
  5388 | D:5      | Found a shimmering altar of Xom.
  5691 | D:5      | Reached skill level 5 in Spellcasting
  5691 | D:5      | Reached skill level 7 in Earth Magic
  5691 | D:5      | Reached XP level 8. HP: 42/42 MP: 15/15
  5927 | D:5      | Found a runed translucent gate.
  5927 | D:5      | Found a runed translucent gate.
  5927 | D:5      | Found a runed translucent gate.
  5929 | D:5      | Noticed H0rd4k's ghost (novice DEWz)
  5996 | D:5      | Killed H0rd4k's ghost
  5997 | D:5      | Reached skill level 5 in Conjurations
  5997 | D:5      | Reached skill level 8 in Earth Magic
  6203 | D:5      | Reached XP level 9. HP: 46/46 MP: 8/18
  6538 | D:5      | Found Noqieq's Antique Weapon Boutique.
  6727 | D:5      | HP: 1/46 [acid dragon/splash of acid (20)]
  7327 | D:6      | Reached skill level 9 in Earth Magic
  7329 | D:6      | Reached skill level 1 in Fighting
  7506 | D:6      | Noticed Prince Ribbit
  7513 | D:6      | Killed Prince Ribbit
  7514 | D:6      | Reached skill level 1 in Evocations
  7934 | D:6      | Noticed Eustachio
  7944 | D:6      | Killed Eustachio
  8035 | D:6      | Found a staircase to the Ecumenical Temple.
  8045 | Temple   | Entered the Ecumenical Temple
  8113 | Temple   | Became a worshipper of Vehumet
  8598 | D:7      | Noticed Harold
  8606 | D:7      | Killed Harold
  8607 | D:7      | Reached skill level 10 in Earth Magic
  8607 | D:7      | Reached XP level 10. HP: 25/56 MP: 8/21
  8819 | D:7      | Found Gusybidd's Jewellery Shoppe.
  8875 | D:7      | Bought a ring of see invisible for 195 gold pieces
  9805 | D:8      | HP: 2/56 [wight/+2 dire flail (9)]
  9805 | D:8      | Mangled by a wight

Illustrated notes

Levels and vault maps discovered:
D:1:      dpeg_arrival_tiny_a, layout_loops_cross, fountainhead,
          nicolae_wormholes
D:2:      layout_basic, hellmonk_ecumenical_altar_pennies_from_heaven,
          grunt_ministairs_4, uniq_sigmund
D:3:      layout_loops_ring, kennysheep_path_1, minmay_randomly_rotated_circles,
          uniq_crazy_yiuf_cottage, uniq_natasha
D:4:      layout_loops_ring, chequers_arboretum, uniq_blork_the_orc, uniq_robin
D:5:      layout_cave_pods, xom_confusion_cloud, serial_shops,
          nicolae_diamond_shop, gammafunk_ghost_nasty_kobolds,
          minmay_small_thing
D:6:      layout_cave_pools, minmay_temple_entry_poolview, uniq_prince_ribbit1,
          uniq_eustachio
D:7:      layout_loops_ring, serial_shops, shop, uniq_harold
D:8:      layout_basic
Temple:   mainiacjoe_temple_coin_purse

Skill      XL: |  1  2  3  4  5  6  7  8  9 10 |
---------------+-------------------------------+-----
Conjurations   | 1 2 3 4 5 6 7 |  7.3
Earth Magic    | 4 5 6 7 8 10 | 10.5
Dodging        | 2 |  2.2
Spellcasting   | 3 4 5 6 7 |  7.8
Armour         | 2 3 |  3.5
Fighting       | 3 4 |  4.0
Evocations     | 2 3 |  3.0
Stealth        | |  2.1
Transmutations | |  0.7

Action                   |  1- 3 |  4- 6 |  7- 9 | 10-12 || total
-------------------------+-------+-------+-------+-------++-------
Melee: Whip              |     4 |       |       |       ||     4
       Unarmed           |     4 |       |       |       ||     4
       Staff             |     1 |     5 |     1 |       ||     7
       Quarterstaff      |       |       |       |     3 ||     3
 Cast: Sandblast         |    22 |    35 |    82 |    44 ||   183
       Stone Arrow       |     2 |    41 |    73 |    13 ||   129
  Use: Scroll            |     2 |     6 |     4 |     1 ||    13
 Stab: Sleeping          |     1 |       |       |       ||     1
Armor: Robe              |     8 |       |       |       ||     8
       Leather armour    |       |    16 |    17 |    11 ||    44
Dodge: Dodged            |    15 |     9 |    26 |    11 ||    61
